Map: 썬더버드 - 래더

Players

Bunny

  • Race: Terran Terran
  • Spawn Location: 5:00

llllllllllll (Stats) - Winner!

  • Race: Protoss Protoss
  • League: Master
  • Spawn Location: 11:00

Event: HomeStory Cup XX

VOD

Have the link to the VOD?

Description

Time

  • Played on: Nov. 22, 2019, 8:03 a.m.
  • Length: 16:15

All games in this series

Show
View Real Time Build Order
Export as new Build Order

Bunny Terran 

Build Orders: Reaper Expand 

Get SALT Encoding   

  12  0:00  SCV  
  13  0:13  SCV  
  14  0:17  Supply Depot  
  14  0:25  SCV  
  15  0:38  SCV  
  15  0:40  Barracks  
  16  0:43  Refinery  
  16  0:50  SCV  
  17  1:02  SCV  
  18  1:15  SCV  
  19  1:27  Reaper  
  19  1:28  Orbital Command  
  20  1:45  Command Center  
  20  1:53  Supply Depot, SCV  
  21  1:59  Marine  
  22  2:05  SCV  
  23  2:09  Factory  
  23  2:17  SCV  
  23  2:19  Refinery  
  23  2:21  Barracks Reactor  
  24  2:29  SCV  
  25  2:42  SCV  
  26  2:54  SCV  
  26  2:55  Starport  
  26  2:58  Marine x2, Widow Mine  
  29  3:00  Orbital Command  
  31  3:06  SCV  
  32  3:16  Marine x2  
  32  3:18  SCV  
  32  3:19  Widow Mine  
  37  3:26  SCV  
  38  3:33  Viking  
  38  3:34  Marine x2, SCV  
  42  3:44  Command Center  
  42  3:46  SCV x2  
  44  3:49  Supply Depot  
  44  3:57  Marine x2  
  46  4:05  Barracks  
  46  4:07  Barracks  
  46  4:09  Factory Tech Lab  
  46  4:10  Starport Tech Lab  
  46  4:11  SCV x2  
  46  4:15  Supply Depot  
  48  4:23  SCV x2  
  50  4:26  Marine, Bunker  
  50  4:27  Refinery  
  50  4:28  Marine  
  52  4:35  SCV x2  
  53  4:43  Starport Reactor, Factory Reactor  
  52  4:47  SCV x2  
  52  4:50  Marine x2  
  56  4:55  Orbital Command  
  56  4:57  Engineering Bay  
  56  4:59  SCV x2  
  57  5:00  Stimpack  
  57  5:12  Barracks x2  
  57  5:19  Marine x2  
  57  5:20  Marine x2, Medivac  
  63  5:23  Medivac  
  63  5:26  Widow Mine  
  69  5:28  Widow Mine  
  69  5:30  SCV  
  69  5:31  SCV  
  69  5:32  Terran Infantry Weapons Level 1  
  71  5:39  Orbital Command  
  71  5:40  Refinery  
  71  5:41  Missile Turret  
  75  5:42  Marauder  
  75  5:43  Marauder  
  75  5:45  Marine  
  75  5:46  Marine  
  77  6:01  Barracks Tech Lab, Barracks Reactor  
  77  6:05  Supply Depot  
  77  6:06  Supply Depot  
  77  6:13  Marine x2, Marauder x2, Widow Mine  
  77  6:16  Medivac  
  77  6:18  Widow Mine  
  85  6:22  Medivac  
  82  6:30  Marine x2  
  82  6:31  Concussive Shells  
  81  6:35  Marauder x3  
  81  6:39  Marine x2  
  89  6:45  Widow Mine x2  
  93  6:50  Supply Depot x2  
  93  6:52  Medivac x2  
  96  6:55  Marine x2  
  96  6:56  Marine  
  99  7:03  Marauder  
  99  7:04  Marauder  
  99  7:06  Marine x2  
  95  7:10  SCV x2  
  95  7:13  Marine  
  95  7:14  Marauder  
  95  7:15  Widow Mine  
  102  7:17  Widow Mine  
  104  7:25  Marauder x2, Marine  
  100  7:30  Marine x2  
  100  7:31  Marine  
  100  7:35  Marine  
  99  7:37  Medivac  
  99  7:38  Medivac  
  99  7:43  Marine  
  104  7:46  Marine  
  104  7:48  Marauder  
  104  7:49  Marine  
  108  7:52  Marine  
  108  7:53  Marauder  
  108  7:55  Widow Mine  
  108  7:57  Widow Mine  
  115  8:03  Supply Depot  
  115  8:08  Marauder, Supply Depot  
  117  8:15  Marine  
  117  8:18  Marine  
  117  8:19  Marine x2, Marauder  
  117  8:20  Marine  
  116  8:28  Medivac x2  
  116  8:30  Marauder  
  89  8:42  Marauder x2  
  89  8:45  Marine x2  
  75  8:49  Marine  
  75  8:51  Marauder  
  75  8:53  Widow Mine x2  
  75  8:54  Marine  
  83  9:03  Marine x2  
  83  9:04  Marauder  
  83  9:06  Marauder  
  83  9:07  Marine  
  90  9:11  Medivac x2  
  90  9:12  Marine  
  92  9:28  Marine, Marauder x3  
  90  9:32  Widow Mine, Marine  
  90  9:33  Marine  
  90  9:36  Marine  
  89  9:40  Widow Mine  
  89  9:46  Marine  
  89  9:49  Marauder, Medivac x2  
  89  9:51  Marine x2  
  98  9:54  Marine  
  98  9:55  Marauder  
  98  9:59  Marauder  
  103  10:03  Widow Mine  
  103  10:04  Widow Mine  
  107  10:07  Marine  
  107  10:09  Marine  
  109  10:14  Marauder, Marine x2  
  109  10:21  Marine x2  
  105  10:33  Marine  
  105  10:34  Marine x2  
  110  10:35  Marauder  
  110  10:38  Widow Mine  
  110  10:39  Marauder  
  97  10:46  Marauder, Marine  
  95  10:53  Medivac  
  99  10:57  Marauder  
  99  11:00  Marine  
  99  11:01  Marine x2  
  95  11:06  Marauder  
  95  11:07  Marauder  
  95  11:08  Marine  
  99  11:14  Widow Mine  
  99  11:17  Marine  
  102  11:18  Medivac  
  102  11:23  Orbital Command  
  104  11:28  Marauder x2  
  104  11:30  Marine x2  
  104  11:32  Marine  
  107  11:45  Marauder  
  91  11:47  Marine  
  91  11:49  Marauder  
  91  11:50  Marauder  
  91  11:52  Medivac  
  97  11:57  Medivac  
  99  12:15  Marauder x2  
  99  12:19  Marine x3  
  93  12:25  Widow Mine x2, Marine  
  91  12:30  Marine  
  88  12:40  Marine x2, Medivac x2  
  82  12:47  Marauder  
  82  12:48  Marine  
  80  12:54  Widow Mine  
  80  12:55  Widow Mine  
  84  13:04  Marine x2  
  88  13:08  Marauder  
  88  13:12  Missile Turret  
  88  13:17  Medivac x2  
  89  13:22  Orbital Command  
  93  13:27  Marauder x2  
  93  13:32  Marine  
  93  13:33  Marine x3  
  97  13:34  Marine  
  98  13:47  Medivac x2  
  101  14:00  Marauder x2  
  99  14:05  Marauder  
  97  14:21  Marauder  
  97  14:23  Marine  
  97  14:24  Marine  
  90  14:33  Marauder  
  90  14:34  Orbital Command  
  87  14:49  Marauder  
  89  14:56  Marine x2  
  89  14:57  Marine  
  78  15:33  Viking x2  
  76  15:38  Missile Turret  
  80  15:42  Marauder  
  80  15:43  Marauder  
  80  15:49  Marine x2  
Show
View Real Time Build Order
Export as new Build Order

llllllllllll Protoss - Winner!

Build Orders: 1 Gate Expand, Phoenix Opening, Colossus Rush 

Get SALT Encoding   

  12  0:00  Probe  
  13  0:12  Probe  
  14  0:18  Pylon  
  14  0:24  Probe  
  15  0:32  Probe  
  15  0:37  Gateway  
  15  0:41  Probe  
  16  0:46  Assimilator  
  17  0:51  Probe  
  18  1:03  Probe  
  19  1:15  Probe  
  20  1:23  Nexus  
  20  1:33  Cybernetics Core  
  20  1:37  Probe  
  21  1:42  Assimilator  
  21  1:49  Probe  
  21  1:53  Pylon  
  22  2:01  Adept, Probe  
  23  2:13  Probe  
  26  2:17  Stargate  
  26  2:25  Probe  
  26  2:27  Warp Gate  
  27  2:31  Adept, Probe  
  30  2:37  Probe  
  30  2:41  Probe  
  31  2:45  Probe  
  33  2:52  Probe  
  33  2:53  Probe  
  33  2:57  Phoenix  
  35  3:04  Probe x2  
  39  3:05  Adept  
  39  3:12  Pylon  
  41  3:15  Phoenix  
  41  3:16  Probe x2  
  45  3:28  Probe  
  45  3:30  Probe  
  47  3:40  Probe, Phoenix  
  50  3:42  Probe  
  50  3:43  Assimilator  
  50  3:45  Pylon, Assimilator  
  50  3:48  Robotics Facility  
  51  3:52  Probe  
  51  3:54  Probe  
  53  3:58  Phoenix  
  53  4:04  Probe  
  53  4:07  Probe  
  57  4:13  Nexus  
  57  4:16  Probe  
  58  4:19  Pylon, Probe  
  58  4:23  Phoenix  
  59  4:30  Probe  
  62  4:37  Probe  
  63  4:38  Robotics Bay  
  63  4:41  Forge  
  63  4:46  Pylon, Observer  
  63  4:48  Probe  
  63  4:49  Probe  
  63  4:51  Gateway  
  66  5:00  Probe x2, Gateway  
  66  5:02  Pylon  
  68  5:07  Observer  
  68  5:10  Probe x2  
  71  5:15  Protoss Ground Weapons Level 1  
  71  5:18  Colossus  
  71  5:19  Pylon  
  71  5:22  Pylon, Probe x2  
  73  5:32  Extended Thermal Lance  
  73  5:33  Probe  
  73  5:35  Probe  
  81  5:36  Probe  
  82  5:46  Probe  
  82  5:47  Forge, Probe  
  82  5:48  Observer, Probe  
  85  5:50  Twilight Council  
  85  5:58  Probe  
  85  5:59  Probe  
  85  6:00  Probe  
  88  6:11  Assimilator, Colossus  
  88  6:15  Assimilator  
  88  6:16  Gateway  
  88  6:18  Gateway  
  94  6:19  Pylon  
  94  6:21  Gateway  
  94  6:22  Pylon  
  94  6:24  Protoss Ground Armor Level 1  
  94  6:26  Stalker, Sentry x2  
  100  6:33  Probe x3  
  100  6:37  Charge  
  103  6:40  Pylon  
  103  6:45  Gateway  
  103  6:46  Gateway  
  102  6:47  Pylon  
  102  6:55  Stalker x2  
  102  6:56  Stalker  
  102  6:58  Colossus  
  108  7:13  Probe  
  115  7:19  Pylon  
  115  7:20  Pylon, Robotics Facility  
  110  7:31  Probe x2  
  110  7:32  Probe  
  110  7:35  Stalker x5  
  111  7:39  Probe x2  
  114  7:44  Probe  
  114  7:50  Stalker  
  114  7:51  Stalker x2  
  120  8:05  Zealot x5  
  129  8:06  Observer  
  129  8:07  Probe  
  129  8:08  Probe x2  
  132  8:14  Stalker x2  
  132  8:24  Zealot  
  131  8:29  Stalker x4  
  131  8:32  Zealot  
  134  8:36  Probe x2  
  134  8:37  Probe  
  134  8:40  Observer  
  117  8:46  Warp Prism  
  105  8:50  Zealot x3  
  105  8:53  Gravitic Drive  
  116  8:57  Colossus  
  116  9:02  Zealot x5  
  129  9:10  Colossus  
  129  9:14  Zealot x3  
  135  9:21  Protoss Ground Armor Level 2  
  126  9:31  Zealot x4  
  126  9:32  Blink  
  134  9:40  Stalker x2  
  137  9:45  Zealot  
  137  9:46  Zealot  
  141  9:55  Disruptor  
  141  9:58  Dark Shrine  
  141  10:02  Nexus  
  141  10:03  Pylon  
  144  10:11  Disruptor  
  146  10:22  Zealot x6  
  144  10:32  Stalker x2  
  136  10:44  Zealot x2  
  130  10:50  Disruptor  
  122  10:57  Zealot x2  
  122  11:00  Zealot x3  
  132  11:15  Pylon  
  132  11:17  Probe x3  
  135  11:23  Dark Shrine  
  135  11:28  Stalker x3  
  135  11:30  Sentry x2  
  135  11:31  Sentry  
  147  11:46  Zealot x2  
  145  11:47  Gravitic Boosters  
  145  11:49  Observer x2  
  145  11:51  Probe x4  
  151  12:01  Stalker x2  
  151  12:02  Stalker  
  157  12:10  Zealot x2  
  148  12:21  Zealot x3  
  128  12:31  Zealot x4  
  128  12:40  Stalker  
  128  12:43  Zealot x2  
  112  12:48  Dark Templar  
  113  13:00  Probe x3  
  116  13:06  Stalker x2  
  120  13:13  Stalker  
  120  13:15  Stalker  
  124  13:23  Probe x3  
  127  13:29  Templar Archives  
  127  13:30  Observer x2  
  129  13:40  Stalker x2  
  133  13:44  Stalker  
  135  13:50  Zealot x2  
  137  14:06  Zealot x4  
  132  14:20  Stalker  
  132  14:21  Stalker  
  135  14:42  High Templar  
  135  14:43  High Templar x7  
  149  14:47  Pylon, Archon  
  149  14:48  Archon x2  
  149  14:49  Pylon  
  149  14:51  Pylon  
  149  14:52  Pylon  
  149  14:53  Archon  
  149  15:16  Nexus  
  133  15:34  Dark Templar x2, Zealot x2  
  139  15:40  Pylon  
  139  15:42  Probe x2  
  141  15:44  Probe  
  142  15:57  Stalker  
  140  16:05  Stalker x2  
Tags
 
Add a new tag
Caveats
  • Supply blocks, unpowered buildings, or Contaminate may cause inaccurate times.
  • Supply counts are checked every 10 seconds.